General information
- name: BNet
- type: Ladder team game (AT/RT)
- host: Battle.net
- saver: oops
map: GolemsInTheMist_LV
- players: 8
- length: 28:01
- speed: Fast
- version: 1.10030 W3XP
- replay type: Public
» download(404 KB)
Players
team 1 (loser)

»
DeLi (
orange | 111 APM | 3079 actions | 27:50)
5 Blademaster
3 Wind Walk
2 Critical Strike
4 Shadow Hunter
2 Hex
2 Healing Wave
4 Tauren Chieftain
1 War Stomp
2 Endurance Aura
1 Shockwave
» actions
| Assign group hotkey | 301 | |
| Basic commands | 28 | |
| Build / train | 110 | |
| ESC pressed | 7 | |
| Enter build submenu | 19 | |
| Enter hero's abilities submenu | 13 | |
| Give item / drop item | 3 | |
| Right click | 1389 | |
| Select / deselect | 244 | |
| Select group hotkey | 742 | |
| Use ability | 223 | |
3079 total
» units
| Peon | 20 | |
| Wind Rider | 20 | |
| Troll Batrider | 18 | |
| Shaman | 2 | |
60 total
» upgrades
| Envenomed Spears | 1 | |
| Shaman Training | 2 | |
| Liquid Fire | 1 | |
4 total
» buildings
| Altar of Storms | 1 | |
| Orc Burrow | 8 | |
| Voodoo Lounge | 1 | |
| Stronghold | 2 | |
| Beastiary | 2 | |
| Fortress | 2 | |
| Spirit Lodge | 1 | |
| War Mill | 1 | |
| Watch Tower | 5 | |
23 total
» build order
00:08 Altar of Storms
00:18 Orc Burrow
01:04 Voodoo Lounge
02:07 Stronghold
02:08 Stronghold
02:51 Orc Burrow
02:52 Orc Burrow
02:58 Orc Burrow
04:29 Beastiary
04:30 Beastiary
04:48 Orc Burrow
08:03 Fortress
08:03 Fortress
08:24 Orc Burrow
14:43 Spirit Lodge
19:29 Orc Burrow
20:07 War Mill
20:12 Orc Burrow
21:27 Watch Tower
21:28 Watch Tower
21:59 Watch Tower
22:00 Watch Tower
22:16 Watch Tower
» items
| Healing Salve | 5 | |
| Lesser Clarity Potion | 7 | |
| Scroll of Speed | 2 | |
| Tiny Great Hall | 2 | |
| Scroll of Town Portal | 2 | |
| Orb of Lightning | 2 | |
20 total
break (
yellow | 86 APM | 2163 actions | 25:04)
4 Far Seer
2 Feral Spirit
2 Chain Lighting
3 Tauren Chieftain
1 Shockwave
2 Endurance Aura
3 Shadow Hunter
2 Hex
1 Serpent Ward
» actions
| Assign group hotkey | 97 | |
| Basic commands | 109 | |
| Build / train | 86 | |
| Enter build submenu | 22 | |
| Enter hero's abilities submenu | 10 | |
| Give item / drop item | 7 | |
| Remove unit from queue | 7 | |
| Right click | 648 | |
| Select / deselect | 421 | |
| Select group hotkey | 621 | |
| Use ability | 135 | |
2163 total
» units
| Peon | 7 | |
| Troll Headhunter/Berserker | 3 | |
| Goblin Shredder | 2 | |
| Troll Witch Doctor | 9 | |
| Troll Batrider | 12 | |
| Kodo Beast | 2 | |
| Shaman | 10 | |
45 total
» upgrades
| Witch Doctor Training | 2 | |
| Reinforced Defenses | 1 | |
| War Drums Damage Increase | 1 | |
| Shaman Training | 2 | |
6 total
» buildings
| War Mill | 1 | |
| Orc Burrow | 6 | |
| Altar of Storms | 1 | |
| Barracks | 1 | |
| Stronghold | 1 | |
| Voodoo Lounge | 2 | |
| Spirit Lodge | 5 | |
| Fortress | 1 | |
| Beastiary | 2 | |
| Great Hall | 2 | |
| Watch Tower | 1 | |
23 total
» build order
00:06 War Mill
00:24 Orc Burrow
00:50 Altar of Storms
01:23 Barracks
02:12 Stronghold
02:37 Orc Burrow
02:59 Voodoo Lounge
03:41 Orc Burrow
05:00 Voodoo Lounge
05:05 Spirit Lodge
05:12 Spirit Lodge
06:21 Fortress
08:07 Beastiary
08:10 Orc Burrow
11:37 Orc Burrow
11:41 Beastiary
11:45 Orc Burrow
15:56 Spirit Lodge
15:58 Spirit Lodge
16:00 Spirit Lodge
20:11 Great Hall
21:45 Great Hall
22:16 Watch Tower
» items
| Tiny Great Hall | 2 | |
| Lesser Clarity Potion | 5 | |
| Scroll of Speed | 3 | |
| Orb of Lightning | 1 | |
| Scroll of Town Portal | 1 | |
12 total
VeNoMiZe (
purple | 138 APM | 3854 actions | 27:59)
4 Death Knight
2 Death Coil
2 Unholy Aura
3 Lich
2 Frost Nova
1 Dark Ritual
» actions
| Assign group hotkey | 66 | |
| Basic commands | 238 | |
| Build / train | 63 | |
| Enter build submenu | 14 | |
| Enter hero's abilities submenu | 7 | |
| Give item / drop item | 1 | |
| Remove unit from queue | 2 | |
| Right click | 761 | |
| Select / deselect | 395 | |
| Select group hotkey | 2238 | |
| Use ability | 69 | |
3854 total
» units
| Acolyte | 3 | |
| Ghoul | 2 | |
| Crypt Fiend | 13 | |
| Abomination | 7 | |
| Gargoyle | 8 | |
| Obsidian Statue | 1 | |
34 total
» upgrades
| Web | 1 | |
| Creature Carapace | 2 | |
| Burrow | 1 | |
4 total
» buildings
| Crypt | 1 | |
| Graveyard | 1 | |
| Altar of Darkness | 2 | |
| Ziggurat | 5 | |
| Tomb of Relics | 1 | |
| Nerubian Tower | 2 | |
| Halls of the Dead | 1 | |
| Slaughterhouse | 3 | |
| Black Citadel | 1 | |
| Spirit Tower | 3 | |
20 total
» build order
00:06 Crypt
00:07 Graveyard
00:40 Altar of Darkness
00:56 Ziggurat
01:24 Tomb of Relics
02:01 Ziggurat
02:11 Nerubian Tower
03:21 Halls of the Dead
03:52 Ziggurat
05:30 Ziggurat
05:52 Slaughterhouse
05:55 Black Citadel
08:11 Slaughterhouse
08:21 Slaughterhouse
16:12 Ziggurat
18:52 Altar of Darkness
22:34 Nerubian Tower
24:17 Spirit Tower
24:18 Spirit Tower
24:18 Spirit Tower
» items
| Rod of Necromancy | 3 | |
| Orb of Corruption | 1 | |
| Scroll of Town Portal | 2 | |
| Potion of Healing | 1 | |
7 total
h3adak3 (
pink | 100 APM | 2420 actions | 24:06)
4 Death Knight
2 Death Coil
2 Unholy Aura
3 Lich
2 Frost Nova
1 Frost Armor
» actions
| Assign group hotkey | 30 | |
| Basic commands | 68 | |
| Build / train | 82 | |
| ESC pressed | 1 | |
| Enter build submenu | 32 | |
| Enter hero's abilities submenu | 7 | |
| Give item / drop item | 1 | |
| Remove unit from queue | 1 | |
| Right click | 1507 | |
| Select / deselect | 270 | |
| Select group hotkey | 324 | |
| Use ability | 97 | |
2420 total
» units
| Acolyte | 14 | |
| Ghoul | 5 | |
| Crypt Fiend | 8 | |
| Obsidian Statue | 1 | |
| Abomination | 3 | |
| Goblin Zeppelin | 2 | |
33 total
» upgrades
| Creature Attack | 1 | |
| Creature Carapace | 1 | |
| Web | 1 | |
| Disease Cloud | 1 | |
4 total
» buildings
| Altar of Darkness | 1 | |
| Ziggurat | 13 | |
| Crypt | 1 | |
| Graveyard | 1 | |
| Tomb of Relics | 4 | |
| Nerubian Tower | 4 | |
| Spirit Tower | 8 | |
| Halls of the Dead | 1 | |
| Slaughterhouse | 2 | |
| Black Citadel | 1 | |
| Sacrificial Pit | 1 | |
| Boneyard | 1 | |
38 total
» build order
00:06 Altar of Darkness
00:07 Ziggurat
00:31 Crypt
01:00 Graveyard
01:13 Tomb of Relics
01:21 Nerubian Tower
01:21 Nerubian Tower
01:35 Nerubian Tower
01:36 Nerubian Tower
02:49 Ziggurat
04:17 Ziggurat
04:20 Ziggurat
04:23 Ziggurat
04:25 Ziggurat
04:26 Ziggurat
05:18 Spirit Tower
05:38 Spirit Tower
05:38 Spirit Tower
06:04 Spirit Tower
06:04 Spirit Tower
06:48 Halls of the Dead
07:23 Ziggurat
09:11 Slaughterhouse
09:12 Slaughterhouse
10:06 Black Citadel
10:42 Spirit Tower
11:19 Ziggurat
11:20 Ziggurat
11:24 Ziggurat
11:59 Sacrificial Pit
12:12 Tomb of Relics
13:46 Spirit Tower
13:46 Spirit Tower
15:59 Boneyard
16:01 Ziggurat
16:01 Ziggurat
19:11 Tomb of Relics
19:12 Tomb of Relics
» items
| Rod of Necromancy | 4 | |
| Sacrificial Skull | 1 | |
| Scroll of Town Portal | 4 | |
| Potion of Healing | 3 | |
| Potion of Mana | 3 | |
| Scroll of Healing | 1 | |
| Boots of Speed | 2 | |
| Orb of Corruption | 2 | |
20 total
team 2 (winner)
Stormstout (
red | 183 APM | 5117 actions | 27:59)
5 Death Knight
3 Death Coil
2 Unholy Aura
4 Lich
2 Frost Nova
2 Frost Armor
4 Pit Lord
2 Rain of Fire
2 Howl of Terror
» actions
| Assign group hotkey | 42 | |
| Basic commands | 399 | |
| Build / train | 62 | |
| ESC pressed | 6 | |
| Enter build submenu | 22 | |
| Enter hero's abilities submenu | 15 | |
| Give item / drop item | 5 | |
| Right click | 1274 | |
| Select / deselect | 589 | |
| Select group hotkey | 2585 | |
| Use ability | 118 | |
5117 total
» units
| Acolyte | 2 | |
| Ghoul | 3 | |
| Crypt Fiend | 7 | |
| Frost Wyrm | 4 | |
| Obsidian Statue | 6 | |
| Goblin Zeppelin | 3 | |
25 total
» upgrades
| Creature Attack | 4 | |
| Burrow | 1 | |
| Web | 1 | |
| Creature Carapace | 2 | |
| Destroyer Form | 1 | |
9 total
» buildings
| Graveyard | 1 | |
| Crypt | 1 | |
| Altar of Darkness | 1 | |
| Ziggurat | 9 | |
| Tomb of Relics | 1 | |
| Halls of the Dead | 1 | |
| Spirit Tower | 1 | |
| Nerubian Tower | 1 | |
| Black Citadel | 1 | |
| Sacrificial Pit | 2 | |
| Boneyard | 2 | |
| Slaughterhouse | 1 | |
22 total
» build order
00:07 Graveyard
00:09 Crypt
00:45 Altar of Darkness
00:57 Ziggurat
01:27 Tomb of Relics
02:01 Ziggurat
04:07 Halls of the Dead
04:17 Spirit Tower
04:18 Nerubian Tower
04:28 Ziggurat
07:04 Black Citadel
07:41 Sacrificial Pit
07:44 Sacrificial Pit
07:57 Ziggurat
09:30 Boneyard
09:38 Ziggurat
10:41 Boneyard
10:44 Ziggurat
11:09 Ziggurat
14:59 Ziggurat
15:48 Ziggurat
18:58 Slaughterhouse
» items
| Rod of Necromancy | 2 | |
| Dust of Appearance | 1 | |
| Orb of Corruption | 1 | |
| Scroll of Town Portal | 2 | |
6 total
FaithinJC (
blue | 59 APM | 1654 actions | 27:59)
4 Far Seer
2 Feral Spirit
2 Chain Lighting
3 Shadow Hunter
2 Healing Wave
1 Hex
» actions
| Assign group hotkey | 6 | |
| Basic commands | 56 | |
| Build / train | 69 | |
| Enter build submenu | 26 | |
| Enter hero's abilities submenu | 8 | |
| Remove unit from queue | 7 | |
| Right click | 1029 | |
| Select / deselect | 350 | |
| Select group hotkey | 2 | |
| Use ability | 101 | |
1654 total
» units
| Peon | 12 | |
| Grunt | 6 | |
| Troll Headhunter/Berserker | 2 | |
| Raider | 20 | |
| Kodo Beast | 1 | |
41 total
» upgrades
| Armor | 2 | |
| Ensnare | 1 | |
| Pillage | 1 | |
| Melee Weapons | 2 | |
| Backpack | 1 | |
| Reinforced Defenses | 1 | |
8 total
» buildings
| Altar of Storms | 1 | |
| Orc Burrow | 8 | |
| Barracks | 2 | |
| Voodoo Lounge | 1 | |
| War Mill | 1 | |
| Stronghold | 1 | |
| Great Hall | 3 | |
| Beastiary | 2 | |
| Watch Tower | 5 | |
24 total
» build order
00:02 Altar of Storms
00:21 Orc Burrow
00:35 Barracks
01:30 Orc Burrow
02:35 Voodoo Lounge
03:44 War Mill
03:46 Stronghold
04:34 Orc Burrow
05:40 Great Hall
05:50 Orc Burrow
06:09 Great Hall
06:31 Beastiary
07:18 Orc Burrow
07:33 Watch Tower
08:29 Barracks
08:31 Beastiary
11:15 Orc Burrow
11:54 Orc Burrow
21:44 Great Hall
21:47 Orc Burrow
22:34 Watch Tower
25:23 Watch Tower
25:30 Watch Tower
25:34 Watch Tower
» items
| Healing Salve | 2 | |
| Scroll of Speed | 1 | |
| Scroll of Town Portal | 1 | |
4 total
oops (
green | 151 APM | 4238 actions | 28:01)
5 Blood Mage
2 Flame Strike
3 Banish
4 Mountain King
2 Storm Bolt
2 Bash
3 Paladin
2 Holy Light
1 Devotion Aura
» actions
| Assign group hotkey | 28 | |
| Basic commands | 194 | |
| Build / train | 97 | |
| ESC pressed | 2 | |
| Enter build submenu | 28 | |
| Enter hero's abilities submenu | 12 | |
| Give item / drop item | 6 | |
| Right click | 2305 | |
| Select / deselect | 753 | |
| Select group hotkey | 662 | |
| Use ability | 150 | |
4238 total
» units
| Peasant | 19 | |
| Footman | 5 | |
| Rifleman | 3 | |
| Gryphon Rider | 13 | |
40 total
» upgrades
| Lumber Harvesting | 2 | |
| Swords | 3 | |
| Storm Hammers | 1 | |
| Masonry | 1 | |
| Plating | 2 | |
9 total
» buildings
| Altar of Kings | 1 | |
| Farm | 10 | |
| Barracks | 1 | |
| Scout Tower | 6 | |
| Arcane Tower | 1 | |
| Lumber Mill | 1 | |
| Arcane Vault | 2 | |
| Keep | 1 | |
| Town Hall | 2 | |
| Blacksmith | 1 | |
| Guard Tower | 5 | |
| Castle | 1 | |
| Gryphon Aviary | 2 | |
34 total
» build order
00:03 Altar of Kings
00:05 Farm
00:22 Farm
00:30 Barracks
01:45 Farm
01:51 Scout Tower
02:17 Arcane Tower
02:20 Lumber Mill
02:34 Arcane Vault
03:37 Keep
04:25 Farm
04:55 Town Hall
05:40 Scout Tower
05:51 Blacksmith
07:33 Farm
07:53 Guard Tower
09:01 Castle
09:35 Gryphon Aviary
09:37 Gryphon Aviary
10:07 Scout Tower
11:05 Guard Tower
11:08 Scout Tower
11:47 Farm
11:51 Farm
11:53 Guard Tower
11:54 Scout Tower
13:21 Guard Tower
13:49 Farm
14:16 Scout Tower
14:28 Farm
15:26 Arcane Vault
16:45 Guard Tower
19:45 Farm
26:28 Town Hall
» items
| Lesser Clarity Potion | 10 | |
| Scroll of Regeneration | 4 | |
| Potion of Mana | 3 | |
| Potion of Lesser Invulnerability | 1 | |
| Boots of Speed | 1 | |
| Periapt of Vitality | 1 | |
| Scroll of Town Portal | 2 | |
| Staff of Sanctuary | 1 | |
| Orb of Fire | 1 | |
24 total

»
FaineAway (
teal | 80 APM | 2241 actions | 27:59)
6 Blademaster
3 Wind Walk
2 Critical Strike
1 Bladestorm
» actions
| Assign group hotkey | 35 | |
| Basic commands | 22 | |
| Build / train | 55 | |
| ESC pressed | 2 | |
| Enter build submenu | 15 | |
| Enter hero's abilities submenu | 6 | |
| Right click | 1375 | |
| Select / deselect | 386 | |
| Select group hotkey | 268 | |
| Use ability | 77 | |
2241 total
» units
| Peon | 9 | |
| Grunt | 4 | |
| Wind Rider | 9 | |
| Troll Batrider | 15 | |
37 total
» upgrades
| Ranged Weapons | 3 | |
| Armor | 1 | |
| Envenomed Spears | 1 | |
| Liquid Fire | 1 | |
6 total
» buildings
| Altar of Storms | 1 | |
| Orc Burrow | 7 | |
| Barracks | 1 | |
| Voodoo Lounge | 1 | |
| Stronghold | 1 | |
| War Mill | 1 | |
| Watch Tower | 1 | |
| Beastiary | 3 | |
| Fortress | 1 | |
| Great Hall | 1 | |
18 total
» build order
00:06 Altar of Storms
00:26 Orc Burrow
00:44 Barracks
01:45 Orc Burrow
02:12 Voodoo Lounge
03:07 Stronghold
03:27 Orc Burrow
04:00 War Mill
05:15 Watch Tower
05:29 Beastiary
05:31 Beastiary
06:20 Orc Burrow
08:54 Orc Burrow
10:23 Orc Burrow
10:54 Fortress
12:39 Orc Burrow
15:55 Great Hall
19:45 Beastiary
» items
| Healing Salve | 1 | |
| Lesser Clarity Potion | 1 | |
| Boots of Speed | 1 | |
3 total
Chat log
(01:26 / All) DeLi: HOW MANY FOLLOWERS DO YOU HAVE ON INSTAGRAM
(08:05 / Allies) FaithinJC: screwed
(08:09 / Allies) FaithinJC: my bad
(08:13 / Allies) FaithinJC: drew them to orange
(09:54 / Allies) FaithinJC: wyvs incomeing
(10:01 / Allies) FaithinJC: wow
(10:04 / Allies) Stormstout: gogo
(11:27 / Allies) Stormstout: expo
(11:44 / Allies) Stormstout: gold me?
(12:15 / Allies) Stormstout: oops
(12:16 / Allies) Stormstout: gold me
(15:15 / Allies) FaithinJC: ud coming in
(15:22 / Allies) Stormstout: out
(17:19 / Allies) Stormstout: b
(17:19 / Allies) Stormstout: b
(17:28 / Allies) Stormstout: u need a tp
(21:32 / Allies) FaithinJC: gold plz
(21:34 / Allies) FaithinJC: need to expo
(21:35 / Allies) FaithinJC: 200
(21:36 / Allies) FaithinJC: to start
(23:56 / Allies) FaithinJC: sorry
(24:03 / Allies) FaithinJC: no way out
(25:08 / Allies) FaithinJC: gj guys
(26:06 / Allies) FaithinJC: tp?
(26:16 / Allies) Stormstout: no
(26:23 / Allies) Stormstout: meet
(26:45 / Allies) Stormstout: move
(26:57 / Allies) FaithinJC: gold
(26:58 / Allies) FaithinJC: need 3
(27:01 / Allies) Stormstout: meet
(27:33 / All) VeNoMiZe: bring it
(27:48 / All) DeLi: lawl
(27:49 / All) DeLi: gg wp
(27:58 / All) VeNoMiZe: gg